 Dungeon Crawl Stone Soup version 0.30-a0-43-gbbf338a72c (webtiles) character file.

Game seed: 12587152282510853533

1642 LnG the Cleaver (level 8, -3/70 HPs)
             Began as a Hill Orc Fighter on Sept 1, 2022.
             Was an Initiate of Okawaru.
             Slain by an orc warrior
             ... wielding a +0 glaive
              (17 damage)
             ... on level 7 of the Dungeon.
             The game lasted 00:25:48 (7237 turns).

LnG the Cleaver (Hill Orc Fighter)                  Turns: 7237, Time: 00:25:49

Health: -3/70      AC:  8    Str: 21    XL:     8   Next: 99%
Magic:  0/8        EV: 10    Int:  8    God:    Okawaru [......]
Gold:   353        SH:  4    Dex: 10    Spells: 7/7 levels left

rFire   . . .      SeeInvis .    a - +0 war axe
rCold   . . .      Faith    .    c - +0 buckler
rNeg    . . .      Spirit   +    b - +0 scale mail
rPois   .          Reflect  .    o - +0 helmet
rElec   .          Harm     .    (no cloak)
rCorr   .          Rampage  .    (no gloves)
Will    .....                    (no boots)
Stlth   ..........               k - amulet of guardian spirit
HPRegen 0.21/turn                (no ring)
MPRegen 0.11/turn                (no ring)

@: no status effects
A: no striking features
a: Renounce Religion


You were on level 7 of the Dungeon.
You worshipped Okawaru.
Okawaru was noncommittal.
You visited 2 branches of the dungeon, and saw 8 of its levels.

You collected 353 gold pieces.

Inventory:

Hand Weapons
 a - a +0 war axe (weapon)
Armour
 b - a +0 scale mail (worn)
 c - a +0 buckler (worn)
 o - a +0 helmet (worn)
Jewellery
 k - an amulet of guardian spirit (around neck)
 q - a ring of protection from cold
 B - a ring of ice
Wands
 s - a wand of iceblast (7)
 x - a wand of polymorph (7)
Scrolls
 e - 3 scrolls of fear
 i - 2 scrolls of amnesia {unknown}
 l - a scroll of torment {unknown}
 m - a scroll of magic mapping {unknown}
 u - a scroll of butterflies {unknown}
 v - 4 scrolls of teleportation
 w - a scroll of enchant weapon {unknown}
 y - 2 scrolls of poison {unknown}
 A - a scroll of enchant armour {unknown}
 C - a scroll of identify
Potions
 d - 3 potions of heal wounds
 f - 2 potions of curing
 g - 3 potions of attraction
 h - 2 potions of cancellation
 j - a potion of mutation {unknown}
 p - a potion of lignification {unknown}
 r - a potion of berserk rage {unknown}
 t - a potion of invisibility {unknown}
 z - a potion of haste {unknown}


   Skills:
 + Level 6.1 Fighting
 + Level 10.4 Axes
 + Level 6.3 Armour
 + Level 2.2 Dodging
 + Level 0.9 Stealth
 + Level 4.6 Shields


You had 7 spell levels left.
You didn't know any spells.
Your spell library contained the following spells:

 Spells                   Type           Power      Damage    Failure   Level
 Magic Dart               Conj           0%         1d3       80%         1
 Frozen Ramparts          Ice            0%         1d1       99%         3
 Mephitic Cloud           Conj/Pois/Air  0%         N/A       99%         3
 Ice Form                 Ice/Tmut       0%         N/A       100%        4
 Fireball                 Conj/Fire      0%         3d3       100%        5
 Starburst                Conj/Fire      0%         6d3       100%        6
 Ignition                 Fire           0%         3d3       100%        8
 Call Imp                 Summ           Unusable   N/A       N/A         2
 Summon Ice Beast         Ice/Summ       Unusable   N/A       N/A         4

Dungeon Overview and Level Annotations

Branches:
Dungeon (7/15)             Temple (1/1) D:6

Altars:
Ashenzari
Cheibriados
Dithmenos
Elyvilon
Fedhas
Gozag
Hepliaklqana
Nemelex Xobeh
Okawaru
Qazlal
Ru
Sif Muna
Trog
Uskayaw
Vehumet
Wu Jian
Yredelemnul
Zin
The Shining One

Shops:
D:1 :   D:2 [

Annotations:
Temple 2 transporters


Message History

You hit the orc.
The orc is moderately wounded.
You closely miss the orc. The orc hits you but does no damage.
You block the orc's attack.
The orc warrior hits you from afar with a +0 glaive!
You hit the orc.
The orc is heavily wounded.
You closely miss the orc. The orc closely misses you.
You block the orc's attack.
The orc warrior hits you from afar with a +0 glaive!
* * * LOW HITPOINT WARNING * * *
You barely miss the orc.
The orc is heavily wounded.
You slash the orc!
You kill the orc!
Okawaru accepts your kill. You block the orc's attack.
The orc warrior hits you but does no damage.
You hit the orc.
You kill the orc!
Okawaru accepts your kill. You block the orc warrior's attack.
The orc warrior barely misses you.
Items here: )) [ †.
You hit the orc warrior but do no damage.
The orc warrior closely misses you.
You slash the orc warrior!
The orc warrior is heavily wounded.
The orc warrior barely misses you.
You hit the orc warrior.
The orc warrior is severely wounded.
The orc warrior hits you with a +0 glaive.
* * * LOW HITPOINT WARNING * * *
You closely miss the orc warrior.
The orc warrior is severely wounded.
You block the orc warrior's attack.
You hit the orc warrior but do no damage.
The orc warrior is severely wounded.
The orc warrior hits you with a +0 glaive!!
You die...

#######..#.....
.............
.........#.##
#.....# # #...#.#
#. #.<...#
#.##...### #..o..#
#.##@#.# #
#.###)#.# ## .## #
#..)#.###.# #.####
#.#.......# #....
#..#.#.###.##
##..# ##
#.#.####.###...# #
#.#............##.
#.########.....#.#
#.# #......#


You could see an orc warrior.

Vanquished Creatures
  Sigmund (D:2)
  A water moccasin (D:6)
  A black bear (D:6)
  2 centaurs
  A kobold brigand (D:4)
  Blork the orc (D:5)
  6 scorpions
  5 hounds
  3 jellies
  An orc priest (D:5)
  An iguana (D:4)
  Crazy Yiuf (D:3)
  3 orc wizards
  Robin (D:2)
  7 adders
  A shadow imp (D:6)
  4 ufetubi
  3 worms
  A dart slug (D:2)
  14 orcs
  9 bats
  6 endoplasms
  7 giant cockroaches
  17 goblins
  11 hobgoblins
  5 jackals (D:1)
  4 quokkas
  10 ball pythons
  A frilled lizard (D:3)
  8 kobolds
  8 rats
144 creatures vanquished.

Vanquished Creatures (others)
  A plant (D:1)
1 creature vanquished.

Grand Total: 145 creatures vanquished

Notes
Turn   | Place    | Note
-------+----------+-------------------------------------------
     0 | D:1      | LnG the Hill Orc Fighter began the quest for the Orb.
     0 | D:1      | Reached XP level 1. HP: 19/19 MP: 1/1
    94 | D:1      | Reached XP level 2. HP: 16/27 MP: 2/2
   371 | D:1      | Found Cefiv's Book Shop.
   421 | D:2      | Reached skill level 3 in Axes
   421 | D:2      | Reached XP level 3. HP: 33/33 MP: 3/3
   474 | D:1      | Found a faded altar of an unknown god.
   906 | D:2      | Reached skill level 4 in Axes
   925 | D:2      | Found Nuhol's Antique Armour Boutique.
  1181 | D:2      | Reached XP level 4. HP: 39/40 MP: 4/4
  1184 | D:2      | Noticed Robin
  1198 | D:2      | Killed Robin
  1327 | D:3      | Noticed a scorpion
  1454 | D:2      | Noticed Sigmund
  1466 | D:2      | Killed Sigmund
  1467 | D:2      | Reached skill level 6 in Axes
  1467 | D:2      | Reached XP level 5. HP: 35/47 MP: 2/5
  1467 | D:2      | Reached XP level 6. HP: 40/53 MP: 2/6
  1728 | D:2      | Reached skill level 1 in Dodging
  1907 | D:2      | Identified the +1 robe of Woubig {Int+4}
  2547 | D:3      | Found a runed translucent door.
  2548 | D:3      | Noticed Crazy Yiuf
  2555 | D:3      | Killed Crazy Yiuf
  2939 | D:4      | You fall into a shaft and drop 2 floors!
  3105 | D:6      | Reached skill level 7 in Axes
  3105 | D:6      | Reached XP level 7. HP: 45/60 MP: 4/7
  3226 | D:5      | Entered Level 5 of the Dungeon
  3226 | D:5      | Noticed Blork the orc
  3242 | D:5      | Killed Blork the orc
  3581 | D:5      | Reached skill level 5 in Fighting
  3744 | D:5      | Reached skill level 8 in Axes
  3869 | D:5      | Reached skill level 5 in Armour
  4378 | D:4      | Reached XP level 8. HP: 57/68 MP: 8/8
  4466 | D:4      | Reached skill level 9 in Axes
  5207 | D:5      | Found a bloodstained altar of Trog.
  6142 | D:6      | Found a sacrificial altar of Ru.
  6305 | D:6      | Found a snail-covered altar of Cheibriados.
  6383 | D:6      | Reached skill level 10 in Axes
  6950 | D:6      | Found a staircase to the Ecumenical Temple.
  6974 | Temple   | Entered the Ecumenical Temple
  6974 | Temple   | Found a transporter.
  6974 | Temple   | Found a transporter.
  6976 | Temple   | Found a transporter.
  6976 | Temple   | Found a transporter.
  7010 | Temple   | Became a worshipper of Warmaster Okawaru
  7237 | D:7      | Slain by an orc warrior

Illustrated notes

Levels and vault maps discovered:
D:1:      sevenhm_arrival_forest_fort_small_4, layout_rooms,
          ebering_ecumenical_altar_rust, serial_shops, shop_fountains,
          minmay_three_crescents
D:2:      layout_basic, serial_shops, nicolae_diamond_shop, uniq_robin,
          uniq_sigmund
D:3:      layout_basic, kennysheep_minor_cross, uniq_crazy_yiuf_cottage
D:4:      layout_rooms
D:5:      layout_basic, mainiacjoe_overflow_brackets, serial_curves,
          eino_curves_04, eino_curves_03, eino_curves_03, eino_curves_01,
          gup_sewer_entry_bubbles, uniq_blork_the_orc
D:6:      layout_basic, chei_slow_surprise, mainiacjoe_overflow_24_doors,
          lemuel_temple_firewalk_b, sigmund_army
D:7:      layout_loops_ring
Temple:   hellmonk_temple_divided_pantheon

Skill      XL: |  1  2  3  4  5  6  7  8 |
---------------+-------------------------+-----
Fighting       | 4 5 6 |  6.1
Axes           | 3 4 6 7 8 10 | 10.4
Armour         | 4 5 6 |  6.3
Dodging        | 1 2 |  2.2
Shields        | 4 |  4.6
Stealth        | |  0.9

Action                   |  1- 3 |  4- 6 |  7- 9 || total
-------------------------+-------+-------+-------++-------
Melee: War axe           |    94 |   115 |   214 ||   423
  Use: Potion            |       |     1 |       ||     1
       Scroll            |       |     2 |     5 ||     7
Armor: Scale mail        |    67 |    68 |    88 ||   223
Dodge: Dodged            |    71 |    63 |   108 ||   242
Block: Buckler           |    29 |    31 |    54 ||   114

Table legend: (Time is in decaauts)
 A = Elapsed time spent in this place.
 B = Non-inter-level travel time spent in this place.
 C = Inter-level travel time spent in this place.
 D = Time resting spent in this place.
 E = Time spent auto-exploring this place.
 F = Levels seen in this place.
 G = Mean time per level.
                   A        B        C        D        E       F      G
               +--------+--------+--------+--------+--------+-----+--------+
         Total |   7365 |   7205 |    160 |   2004 |   2265 |   8 |  920.6 |
       Dungeon |   7306 |   7146 |    160 |   2004 |   2265 |   7 | 1043.7 |
        Temple |     58 |     58 |      0 |      0 |      0 |   1 |   58.0 |
               +--------+--------+--------+--------+--------+-----+--------+

Top non-repeatable levels by time:
     D:5: 1975 daAuts
     D:6: 1627 daAuts
     D:2: 1174 daAuts
     D:1: 922 daAuts
     D:3: 917 daAuts
     D:4: 608 daAuts
     D:7: 82 daAuts
  Temple: 58 daAuts
